 Dungeon Crawl Stone Soup version 0.26-a0-466-g989023bd0d (webtiles) character file.

Game seed: 9003498325951624683

16389 Mesmaeker13 the Summoner (level 12, -4/81 HPs)
             Began as a Purple Draconian Summoner on Aug 13, 2020.
             Was a Priest of Ashenzari.
             Slain by a black mamba (13 damage)
             ... on level 4 of the Lair of Beasts.
             The game lasted 00:37:22 (16877 turns).

Mesmaeker13 the Summoner (DrSu)                    Turns: 16877, Time: 00:37:23

Health: -4/81      AC: 14    Str: 11    XL:     12   Next: 9%
Magic:  13/20      EV: 19    Int: 21    God:    Ashenzari [***...]
Gold:   1455       SH:  0    Dex: 15    Spells: 8/21 levels left

rFire    . . .     SeeInvis +   H - +4 trident
rCold    + + .     Faith    .   (no shield)
rNeg     . . .     Spirit   .   (armour unavailable)
rPois    .         Reflect  .   h - +2 hat
rElec    .         Harm     .   g - scarf {rC+ rF+} (curse)
rCorr    .                      i - +0 pair of gloves
MR       +....                  E - +2 pair of boots (curse)
Stlth    ++........             q - amulet of regeneration
HPRegen  0.63/turn              j - ring "Woptemeg" {Ice Dex+4 SInv}
MPRegen  0.17/turn              G - ring of wizardry

@: no status effects
A: breathe power, unfitting armour, cold-blooded, AC +8
a: Breathe Dispelling Energy, Curse Item, Scrying, Renounce Religion


You were on level 4 of the Lair of Beasts.
You worshipped Ashenzari.
Ashenzari was most pleased with you.
You visited 3 branches of the dungeon, and saw 15 of its levels.
You also visited: Sewer and Bailey.

You collected 1455 gold pieces.

Inventory:

Hand Weapons
 r - a +4 mace of freezing
 H - a +4 trident (weapon)
Missiles
 I - 2 throwing nets (quivered)
Armour
 g - a cursed scarf of resistance (worn)
 h - a +2 hat (worn)
 i - a +0 pair of gloves (worn)
 E - a cursed +2 pair of boots (worn)
Jewellery
 j - the ring "Woptemeg" (left hand) {Ice Dex+4 SInv}
   (You found it on level 1 of the Lair of Beasts)

   [ring of ice]

   It enhances your ice magic.
   It affects your dexterity (+4).
   It makes you vulnerable to fire.
   It protects you from cold.
   It lets you see invisible.
 q - an amulet of regeneration (around neck)
 v - an uncursed ring of protection from cold
 F - an uncursed ring of fire
 G - a ring of wizardry (right hand)
Wands
 d - a wand of acid (11)
 l - a wand of disintegration (5)
 x - a wand of flame (25)
 D - a wand of digging (8)
Scrolls
 b - a scroll of fear
 c - 2 scrolls of immolation
 e - 2 scrolls of vulnerability
 k - 4 scrolls of magic mapping
 m - 3 scrolls of remove curse
 o - a scroll of noise {unknown}
 p - a scroll of random uselessness {unknown}
 s - 9 scrolls of teleportation
 t - 3 scrolls of fog
 w - 2 scrolls of acquirement {unknown}
 y - 2 scrolls of enchant armour {unknown}
 C - a scroll of enchant weapon {unknown}
 J - a scroll of amnesia
Potions
 a - a potion of berserk rage
 f - 2 potions of flight
 n - 2 potions of heal wounds {unknown}
 u - 2 potions of degeneration {unknown}
 z - 5 potions of curing
 A - a potion of ambrosia {unknown}
 B - 2 potions of haste {unknown}
 K - a potion of brilliance {unknown}


   Skills:
 + Level 4.0 Polearms
 + Level 10.4 Dodging
 - Level 1.7 Stealth
 - Level 5.3 Spellcasting
 + Level 11.6 Summonings
 - Level 7.0 Ice Magic
 + Level 8.0 Air Magic


You had 8 spell levels left.
You knew the following spells:

 Your Spells              Type           Power        Failure   Level
b - Call Imp              Summ           ######..     1%          2
c - Call Canine Familiar  Summ           ######..     1%          3
d - Summon Ice Beast      Ice/Summ       ######..     1%          4
e - Summon Lightning Spi  Summ/Air       #####...     1%          4

Your spell library contained the following spells:

 Spells                   Type           Power        Failure   Level
 Summon Small Mammal      Summ           ####         1%          1
 Summon Guardian Golem    Hex/Summ       ####....     1%          3


Dungeon Overview and Level Annotations

Branches:
Dungeon (10/15)            Temple (1/1) D:7            Lair (4/6) D:9
  Swamp (0/4) Lair:2        Snake (0/4) Lair:2          Orc (0/2) D:9
  Sewer (visited)          Bailey (visited)

Altars:
Ashenzari
Cheibriados
Dithmenos
Elyvilon
Fedhas
Gozag
Hepliaklqana
Kikubaaqudgha
Makhleb
Nemelex Xobeh
Okawaru
Qazlal
Ru
Sif Muna
Trog
Uskayaw
Vehumet
Wu Jian
Xom
Yredelemnul
Zin
The Shining One

Shops:
D:5 }   D:8 ?   D:10 [(*


Innate Abilities, Weirdness & Mutations

You can breathe bolts of dispelling energy.
Your rich purple scales are hard. (AC +8)
You cannot fit into any form of body armour.
You are cold-blooded and may be slowed by cold attacks.


Message History

Unknown command.
You are too injured to fight recklessly!
Unknown command.
You hit the black mamba.
Your tail-slap misses the black mamba.
The black mamba is moderately wounded.
You feel sick. The black mamba bites you!
* * * LOW HITPOINT WARNING * * *
You are more poisoned.
The black mamba poisons you!
The hippogriff barely misses your ice beast. x2
The hippogriff claws your ice beast. The black mamba closely misses you.
Your ice beast hits the hippogriff but does no damage.
You feel better. The black mamba bites you!!
* * * LOW HITPOINT WARNING * * *
The hippogriff bites your ice beast.
The hippogriff barely misses your ice beast.
The hippogriff claws your ice beast.
Your ice beast barely misses the hippogriff.
The black mamba bites you!
You die...

* ,,.. , , ,
#+. * ,,* ,,
* *#.⌠.,, ,
,,, ,
##...##* , ,
* .......##
*, *
........##
*,, ,
......HY.###
* , , ,
#S...#,,, ,,
,** *#8@..#*
* ,,
,,##...###
** ,
#......# < *
,,>
,##.⌠.<## *
*, ,, ##...#
* , *#....#
* , #....# ,
, *#...###,
* * ....##,
, ,, ,,


You could see a hippogriff, a black mamba, a friendly ice beast (summoned) and a
friendly lightning spire (summoned).

Vanquished Creatures
  2 death yaks
  2 orc knights (Bailey)
  2 cane toads (Lair:1)
  A centaur skeleton (D:9)
  A hippogriff (Lair:3)
  A wyvern (D:10)
  7 yaks
  A basilisk (Lair:2)
  A water moccasin (Lair:1)
  A porcupine (D:9)
  Purgy (Sewer)
  3 phantoms
  5 ice beasts
  An ogre (D:6)
  An orc warrior (D:10)
  A wolf (Lair:3)
  2 centaurs
  3 crocodiles
  8 bullfrogs
  2 scorpions (D:9)
  3 killer bees
  3 electric eels (Lair:2)
  A nameless horror (D:8)
  11 wights
  A howler monkey (D:8)
  A centaur zombie (D:8)
  A quasit (D:7)
  2 orc priests
  A bullfrog skeleton (D:5)
  5 hounds
  2 orc wizards
  3 iguanas
  4 worker ants
  2 hound skeletons
  8 gnolls
  A howler monkey skeleton (D:5)
  3 adders
  2 shadow imps
  2 white imps (D:7)
  An adder zombie (D:7)
  An ooze (D:4)
  4 worms
  A dart slug (D:1)
  6 leopard geckos
  26 orcs
  5 bats
  5 giant cockroaches
  3 goblins
  4 hobgoblins
  8 jackals
  12 kobolds
  5 quokkas
  3 ball pythons
  8 frilled lizards
  A leopard gecko skeleton (D:4)
  3 rats
  A plant (Lair:2)
199 creatures vanquished.

Vanquished Creatures (collateral kills)
  Gastronok (Lair:1)
  A hydra (Lair:3)
  Erica (Lair:1)
  3 death yaks (Lair:3)
  An orc knight (Bailey)
  2 black mambas
  Maurice (D:10)
  A torpor snail (Lair:2)
  A rime drake (Lair:2)
  3 cane toads
  2 komodo dragons
  A merfolk (D:10)
  A troll (D:7)
  A hippogriff (Lair:2)
  A bog body (Lair:2)
  21 yaks
  A steam dragon (D:9)
  2 swamp worms (Lair:2)
  3 nagas (Lair:2)
  8 water moccasins
  7 porcupines
  A hornet zombie (D:9)
  A sky beast (D:9)
  An ogre (D:9)
  3 orc warriors
  2 ice beasts (D:6)
  2 phantoms
  6 wolves (Lair:3)
  2 crocodiles (Lair:1)
  A centaur (D:6)
  2 big kobolds (D:10)
  4 bullfrogs
  A wyvern skeleton (D:6)
  7 killer bees
  8 wights
  2 howler monkeys
  A centaur zombie (D:9)
  2 hounds
  A jelly (D:7)
  6 orc priests
  An orc wizard (D:8)
  4 worker ants
  5 gnolls
  5 adders
  2 white imps (D:7)
  3 worms (D:2)
  3 leopard geckos
  29 orcs
  3 bats (D:3)
  A giant cockroach (D:4)
  8 goblins
  5 hobgoblins
  2 jackals
  A ball python (D:2)
  A frilled lizard (D:2)
  24 kobolds
  2 rats (D:2)
  A fungus (D:9)
  A plant (Lair:2)
217 creatures vanquished.

Vanquished Creatures (others)
  21 fungi (D:9)
  2 plants (D:9)
23 creatures vanquished.

Grand Total: 439 creatures vanquished

Notes
Turn   | Place    | Note
-------+----------+-------------------------------------------
     0 | D:1      | Mesmaeker13 the Draconian Summoner began the quest for the
                  | Orb.
     0 | D:1      | Reached XP level 1. HP: 14/14 MP: 3/3
   163 | D:1      | Reached XP level 2. HP: 20/20 MP: 0/5
   701 | D:2      | Learned a level 2 spell: Call Imp
   810 | D:2      | Reached XP level 3. HP: 21/26 MP: 0/6
   919 | D:2      | Found an ornate altar of the Wu Jian Council.
  1267 | D:2      | Found a shattered altar of Ashenzari.
  1276 | D:2      | Became a worshipper of Ashenzari the Shackled
  1421 | D:3      | Reached XP level 4. HP: 26/33 MP: 3/8
  2193 | D:3      | Found a shadowy altar of Dithmenos.
  2193 | D:3      | Found an iron altar of Okawaru.
  2371 | D:4      | Reached XP level 5. HP: 31/38 MP: 4/9
  2447 | D:4      | Reached skill level 5 in Summonings
  2488 | D:4      | Learned a level 3 spell: Call Canine Familiar
  2505 | D:4      | Noticed a phantom
  2597 | D:4      | Killed a phantom
  2782 | D:4      | Reached XP level 6. HP: 45/45 MP: 8/11
  2901 | D:4      | Found a glowing drain.
  2928 | Sewer    | Entered a sewer
  3127 | Sewer    | Noticed Purgy
  3135 | Sewer    | Killed Purgy
  3524 | D:5      | Entered Level 5 of the Dungeon
  3524 | D:5      | Found Ynevan's Gadget Shop.
  3995 | D:5      | Your scales start taking on a rich purple colour.
  3995 | D:5      | Reached skill level 5 in Spellcasting
  3995 | D:5      | Reached XP level 7. HP: 21/50 MP: 15/15
  4134 | D:5      | Learned a level 4 spell: Summon Ice Beast
  4184 | D:5      | Reached skill level 6 in Summonings
  4259 | D:5      | Reached skill level 1 in Ice Magic
  4430 | D:5      | Reached * piety under Ashenzari
  4726 | D:6      | Reached skill level 5 in Dodging
  4776 | D:6      | Reached XP level 8. HP: 43/57 MP: 13/16
  4933 | D:6      | Reached skill level 7 in Summonings
  5463 | D:7      | Noticed a troll
  5484 | D:7      | Killed a troll
  5829 | D:7      | Reached XP level 9. HP: 60/62 MP: 14/17
  5839 | D:7      | Reached skill level 8 in Summonings
  6155 | D:7      | Found a faded altar of an unknown god.
  6165 | D:7      | Found a staircase to the Ecumenical Temple.
  6167 | D:7      | Reached skill level 5 in Ice Magic
  6246 | Temple   | Entered the Ecumenical Temple
  7741 | D:8      | Reached ** piety under Ashenzari
  7927 | D:8      | Found Gyg Isoe's Magic Scroll Emporium.
  7941 | D:8      | Learned a level 4 spell: Summon Lightning Spire
  8220 | D:9      | Reached skill level 1 in Air Magic
  8350 | D:9      | Reached skill level 9 in Summonings
  8733 | D:9      | Found a staircase to the Orcish Mines.
  8805 | D:9      | Reached XP level 10. HP: 37/69 MP: 10/18
  9132 | D:9      | Found a staircase to the Lair.
  9952 | D:10     | Entered Level 10 of the Dungeon
  9955 | D:10     | Noticed Maurice
 10159 | D:10     | Found a flagged portal.
 10160 | D:10     | Found Xoaw's Assorted Antiques.
 10165 | Bailey   | Entered a bailey
 10171 | Bailey   | Noticed an orc knight
 10336 | Bailey   | Noticed an orc knight
 10351 | Bailey   | Killed an orc knight
 10458 | Bailey   | Noticed an orc knight
 10481 | Bailey   | Killed an orc knight
 10495 | Bailey   | Killed an orc knight
 10495 | Bailey   | Reached skill level 10 in Summonings
 11027 | D:10     | Reached skill level 5 in Air Magic
 11057 | D:10     | Killed Maurice
 11119 | D:10     | Found Zoduant's Weapon Shoppe.
 11431 | D:10     | Found Qugel's Antique Armour Emporium.
 11627 | Lair:1   | Entered Level 1 of the Lair of Beasts
 11652 | Lair:1   | Identified the ring "Woptemeg" {Ice Dex+4 SInv}
 11705 | Lair:1   | Noticed a black mamba
 11710 | Lair:1   | Killed a black mamba
 11772 | Lair:1   | Reached XP level 11. HP: 19/74 MP: 9/19
 11885 | Lair:1   | Noticed Erica
 11916 | Lair:1   | Killed Erica
 12459 | Lair:1   | Noticed Gastronok
 12472 | Lair:1   | Killed Gastronok
 12472 | Lair:1   | Reached skill level 11 in Summonings
 13146 | Lair:2   | Reached *** piety under Ashenzari
 13183 | Lair:2   | Reached skill level 1 in Polearms
 13355 | Lair:2   | Found a staircase to the Snake Pit.
 14204 | Lair:2   | Found a staircase to the Swamp.
 14320 | Lair:2   | Reached skill level 10 in Dodging
 14890 | Lair:3   | Noticed a death yak
 14896 | Lair:3   | Noticed a death yak
 14898 | Lair:3   | Noticed a death yak
 14898 | Lair:3   | Noticed a death yak
 14899 | Lair:3   | Noticed a death yak
 14903 | Lair:3   | Killed a death yak
 15059 | Lair:3   | Noticed an eight-headed hydra
 15066 | Lair:3   | Killed an eight-headed hydra
 15979 | Lair:3   | Killed a death yak
 16014 | Lair:2   | Killed a death yak
 16014 | Lair:2   | Reached XP level 12. HP: 42/81 MP: 2/20
 16611 | Lair:3   | Killed a death yak
 16614 | Lair:3   | Killed a death yak
 16877 | Lair:4   | Slain by a black mamba

Illustrated notes

Levels and vault maps discovered:
D:1:      dpeg_arrival_shelter, layout_rooms
D:2:      layout_rooms, lemuel_crystal_altar, lemuel_crystal_altar
D:3:      layout_basic, gammafunk_temple_overflow_elements, nrook_loot_triangle,
          chequers_serial_rivers_small_b, serial_bayou_pond_b,
          serial_bayou_ford_a
D:4:      layout_loops_ring, gup_sewer_entry_glass
D:5:      layout_loops_ring, serial_shops, shop, st_stairs_7
D:6:      layout_rooms, grunt_ministairs_8
D:7:      layout_loops_ring, nicolae_temple_entry_ecumenical, feat_on_display
D:8:      layout_gridville, serial_shops, shop
D:9:      layout_basic, due_lair_maze_entry_diamond, orc_0_dummy, nicolae_wwwww,
          bh_walls_and_bars
D:10:     layout_basic, special_room [special_room_orc], serial_shops, shop,
          shop, shop, enter_bailey_3, hangedman_fish_farm, uniq_maurice
Temple:   eino_narrow_crystal_temple
Lair:1:   layout_small_grid, minmay_holes, grunt_megastairs_4, uniq_erica,
          uniq_gastronok
Lair:2:   layout_gridlike, nicolae_swamp_entry_splash_gauntlet,
          guppyfry_snake_entry_island, serial_bayou_shore_a, lemuel_fruit_fields
Lair:3:   layout_cellular_growth
Lair:4:   layout_loops_ring, serial_bayou_shore_b, grunt_megastairs_5

Skill      XL: |  1  2  3  4  5  6  7  8  9 10 11 12 |
---------------+-------------------------------------+-----
Dodging        | 2 3 4 5 6 7 9 10 | 10.4
Spellcasting   | 3 5 |  5.3
Summonings     | 5 6 7 9 10 11 | 11.6
Ice Magic      | 2 4 6 7 |  7.0
Air Magic      | 2 5 7 8 |  8.0
Polearms       | 3 4 |  4.0
Stealth        | |  1.7

Action                   |  1- 3 |  4- 6 |  7- 9 | 10-12 || total
-------------------------+-------+-------+-------+-------++-------
Melee: Unarmed           |    23 |       |       |       ||    23
       Tailslap          |     9 |    25 |    38 |    36 ||   108
       Spear             |    86 |   115 |       |       ||   201
       Dagger            |     4 |       |       |       ||     4
       Hand axe          |       |   139 |   189 |       ||   328
       Mace              |       |       |   266 |       ||   266
       Trident           |       |       |    25 |   382 ||   407
 Cast: Summon Small Mamm |    18 |       |       |       ||    18
       Call Imp          |    12 |    41 |    40 |       ||    93
       Summon Ice Beast  |       |       |    49 |    94 ||   143
       Call Canine Famil |       |       |     1 |     1 ||     2
       Summon Lightning  |       |       |       |    36 ||    36
Invok: Curse Item        |       |       |       |     2 ||     2
 Abil: Breathe Dispellin |       |       |     6 |     5 ||    11
Evoke: Wand              |       |     3 |     1 |    22 ||    26
  Use: Scroll            |     2 |     1 |     6 |     4 ||    13
       Potion            |       |       |     3 |     4 ||     7
 Stab: Distracted        |     3 |     1 |     5 |     2 ||    11
       Sleeping          |     4 |     3 |     1 |     2 ||    10
       Invisible         |       |       |     1 |       ||     1
Armor: Skin              |    36 |    71 |   179 |    96 ||   382
Dodge: Dodged            |    74 |   199 |   404 |   325 ||  1002

Table legend: (Time is in decaauts)
 A = Elapsed time spent in this place.
 B = Non-inter-level travel time spent in this place.
 C = Inter-level travel time spent in this place.
 D = Time resting spent in this place.
 E = Time spent auto-exploring this place.
 F = Levels seen in this place.
 G = Mean time per level.
                   A        B        C        D        E       F      G
               +--------+--------+--------+--------+--------+-----+--------+
         Total |  17317 |  16927 |    390 |   3484 |   9037 |  17 | 1018.6 |
       Dungeon |  10670 |  10411 |    259 |   1853 |   5446 |  10 | 1067.0 |
        Temple |    205 |    194 |     11 |      0 |    190 |   1 |  205.0 |
          Lair |   5321 |   5202 |    119 |   1297 |   3095 |   4 | 1330.2 |
         Sewer |    430 |    430 |      0 |    102 |    201 |   1 |  430.0 |
        Bailey |    689 |    689 |      0 |    232 |    103 |   1 |  689.0 |
               +--------+--------+--------+--------+--------+-----+--------+

Top non-repeatable levels by time:
  Lair:3: 2185 daAuts
     D:9: 1879 daAuts
  Lair:2: 1585 daAuts
     D:7: 1574 daAuts
  Lair:1: 1532 daAuts
     D:8: 1147 daAuts
     D:5: 1082 daAuts
     D:3: 1045 daAuts
    D:10: 931 daAuts
     D:6: 857 daAuts
     D:4: 817 daAuts
     D:1: 693 daAuts
  Bailey: 689 daAuts
     D:2: 641 daAuts
   Sewer: 430 daAuts
